 Dungeon Crawl Stone Soup version 0.24.0-13-gcf9b3192b9 (webtiles) character file.

Game seed: 6251113920975803735, levelgen mode: deterministic

40 Monsterracer the Chiller (level 3, 0/19 HPs)
             Began as a Tengu Ice Elementalist on Nov 7, 2019.
             Slain by a worm (6 damage)
             ... on level 3 of the Dungeon.
             The game lasted 00:02:19 (1931 turns).

Monsterracer the Chiller (Tengu Ice Elementalist)   Turns: 1931, Time: 00:02:20

Health: 0/19       AC:  4    Str:  8    XL:     3   Next: 50%
Magic:  3/7        EV: 12    Int: 16    God:
Gold:   75         SH:  0    Dex: 14    Spells: 3/7 levels left

rFire    . . .     SeeInvis .   m - +0 rapier
rCold    . . .     Gourm    .   (no shield)
rNeg     . . .     Faith    .   a - +0 robe
rPois    .         Spirit   .   (helmet restricted)
rElec    .         Reflect  .   (no cloak)
rCorr    .         Harm     .   (no gloves)
MR       .....                  (boots unavailable)
Stlth    ++........             (no amulet)
HPRegen  0.06/turn              k - +2 ring of protection
MPRegen  0.10/turn              (no ring)

@: very slightly contaminated
A: beak, talons 3
a: no special abilities


You were on level 3 of the Dungeon.
You were not hungry.

You visited 1 branch of the dungeon, and saw 3 of its levels.

You collected 75 gold pieces.

Inventory:

Hand Weapons
 m - a +0 rapier (weapon)
   (You found it on level 3 of the Dungeon)
Armour
 a - a +0 robe (worn)
Jewellery
 k - a +2 ring of protection (left hand)
   (You found it on level 2 of the Dungeon)
Scrolls
 b - 3 scrolls of teleportation {unknown}
 d - a scroll of amnesia {unknown}
 i - 2 scrolls of identify {unknown}
 j - a scroll of random uselessness {unknown}
 l - a scroll of fog {unknown}
Potions
 e - 3 potions of degeneration {unknown}
 f - a potion of heal wounds {unknown}
 h - a potion of brilliance {unknown}
Comestibles
 c - 5 rations
 g - 3 chunks of flesh


   Skills:
 - Level 2.1 Dodging
 - Level 2.0 Stealth
 + Level 2.5 Spellcasting
   Level 1.3 Conjurations
 * Level 3.6 Ice Magic


You had 3 spell levels left.
You knew the following spells:

 Your Spells              Type           Power        Failure   Level  Hunger
a - Freeze                Ice            ##..         4%          1    #......
c - Ozocubu's Armour      Chrm/Ice       #.......     28%         3    ###....

Your spell library contained the following spells:

 Spells                   Type           Power        Failure   Level  Hunger
 Throw Frost              Conj/Ice       ##....       11%         2    ##.....
 Throw Icicle             Conj/Ice       ##......     56%         4    #####..
 Summon Ice Beast         Ice/Summ       #.......     67%         4    #####..


Dungeon Overview and Level Annotations

Branches:
Dungeon (3/15)

Altars:


Innate Abilities, Weirdness & Mutations

You have a beak for a mouth.
You have claws for feet.


Message History

There is a stone staircase leading down here.
You climb downwards.
There is a stone staircase leading up here.
Found a dagger.
You see here a dagger.
You now have 60 gold pieces (gained 4).
Found a rapier.
Found a club.
You see here a club.
An orc comes into view. It is wielding a +0 whip.
An orc is nearby!
The orc shouts!
The orc hits you but does no damage.
Casting: Freeze (safe; 4% risk of failure)
Confirm with . or Enter, or press ? or * to list all spells.
Aiming: Freeze (safe; 4% risk of failure)
Press: ? - help, Shift-Dir - straight line, f - orc
Aim: an orc, wielding a +0 whip and wearing a +0 chain mail You freeze the orc.
The orc is lightly wounded.
The orc barely misses you.
Casting: Freeze (safe; 4% risk of failure)
Confirm with . or Enter, or press ? or * to list all spells.
Aiming: Freeze (safe; 4% risk of failure)
Press: ? - help, Shift-Dir - straight line, f/p - orc
Aim: an orc, wielding a +0 whip and wearing a +0 chain mail (lightly wounded)
You freeze the orc.
You kill the orc!
Unknown command.
Search for what [? for help]? rap You see here a rapier.
m - a rapier
m - a +0 rapier (weapon)
Drop what? 13/52 slots (_ for help) (? for menu, Esc to quit)
You drop a +0 dagger.
Magic restored.
You see here a club.
A ball python comes into view.
A ball python is nearby!
A ball python is nearby!
The ball python hisses angrily.
Casting: Freeze (safe; 4% risk of failure)
Confirm with . or Enter, or press ? or * to list all spells.
Aiming: Freeze (safe; 4% risk of failure)
Press: ? - help, Shift-Dir - straight line, f - ball python
Aim: a ball python You freeze the ball python.
You kill the ball python!
You are feeling hungry.
Casting: Freeze (safe; 4% risk of failure)
Confirm with . or Enter, or press ? or * to list all spells.
You can't see any susceptible monsters within range! (Use Z to cast anyway.) Unknown command.
Found 23 stones.
You now have 75 gold pieces (gained 15).
You see here a ball python corpse.
You butcher the ball python corpse.
g - 4 chunks of flesh You see here a ball python skeleton. x2
Eating one of 4 chunks of flesh.
You eat one of the 4 chunks of flesh.
This raw flesh tastes terrible.
A worm comes into view.
You hear a distant slurping noise.
Things that are here:
a +0 whip; a +0 chain mail
Casting: Freeze (safe; 4% risk of failure)
Confirm with . or Enter, or press ? or * to list all spells.
Aiming: Freeze (safe; 4% risk of failure)
Press: ? - help, Shift-Dir - straight line, f - worm
Aim: a worm You miscast Freeze.
You are very lightly contaminated with residual magic.
Nothing appears to happen.
The worm bites you!
Ouch! That really hurt!
* * * LOW HITPOINT WARNING * * *
Casting: Freeze (safe; 4% risk of failure)
Confirm with . or Enter, or press ? or * to list all spells.
Aiming: Freeze (safe; 4% risk of failure)
Press: ? - help, Shift-Dir - straight line, f/p - worm
Aim: a worm You freeze the worm.
The worm is lightly wounded.
Casting: Freeze (safe; 4% risk of failure)
Confirm with . or Enter, or press ? or * to list all spells.
Aiming: Freeze (safe; 4% risk of failure)
Press: ? - help, Shift-Dir - straight line, f/p - worm
Aim: a worm (lightly wounded)
You freeze the worm!
The worm is heavily wounded.
The worm bites you.
* * * LOW HITPOINT WARNING * * *
Casting: Freeze (safe; 4% risk of failure)
Confirm with . or Enter, or press ? or * to list all spells.
Aiming: Freeze (safe; 4% risk of failure)
Press: ? - help, Shift-Dir - straight line, f/p - worm
Aim: a worm (moderately wounded)
You freeze the worm.
The worm is heavily wounded.
The worm bites you.
You die...

♣♣♣..♣♣
♣♣♣♣...)♣
♣♣♣.....♣♣♣ ♣
♣♣....♣♣♣♣ ♣(
♣♣♣♣...♣♣♣
♣.♣♣♣♣...)♣♣♣
♣.÷...♣♣♣♣
♣♣♣♣...♣
♣.)@♣
♣....w.....♣
♣..♣♣♣♣♣♣♣..
...♣♣ ♣♣♣♣


You could see a worm.

Vanquished Creatures
  An ooze (D:2)
  2 dart slugs (D:1 D:2)
  An orc (D:3)
  2 giant cockroaches (D:1 D:2)
  3 goblins (D:1 D:2)
  4 hobgoblins (D:1 D:2)
  4 kobolds (D:1 D:2)
  2 ball pythons (D:2 D:3)
  3 bats (D:1 D:2)
  4 frilled lizards (D:1 D:2)
  5 rats (D:1 D:2)
31 creatures vanquished.

Notes
Turn   | Place    | Note
-------+----------+-------------------------------------------
     0 | D:1      | Monsterracer the Tengu Ice Elementalist began the quest for
                  | the Orb.
     0 | D:1      | Reached XP level 1. HP: 10/10 MP: 4/4
   436 | D:1      | Reached skill level 3 in Ice Magic
   436 | D:1      | Reached XP level 2. HP: 15/15 MP: 3/6
   853 | D:1      | HP: 7/15 [rat (3)]
  1467 | D:2      | Reached XP level 3. HP: 19/19 MP: 7/7
  1472 | D:2      | Learned a level 3 spell: Ozocubu's Armour
  1928 | D:3      | HP: 9/19 [worm (10)]
  1931 | D:3      | Slain by a worm

Levels and vault maps discovered:
D:1:      eino_arrival_cavern_a, layout_basic
D:2:      layout_rooms, serial_glass, glass_columns_b, glass_columns_c,
          due_unseen_surprise, feat_on_display, feat_on_display,
          minmay_strange_pillars, first_ration
D:3:      kb_forest_paths, layout_basic, minmay_fractal_squares_5

Skill      XL: |  1 |
---------------+----+-----
Ice Magic      | 3 |  3.6
Dodging        | |  2.1
Stealth        | |  2.0
Spellcasting   | |  2.5
Conjurations   | |  1.3

Action                   || total
-------------------------++-------
Melee: Unarmed           ||     2
       Kick              ||     3
       Dagger            ||    12
       Peck              ||     2
 Cast: Freeze            ||    42
 Stab: Sleeping          ||     4
  Eat: Chunk             ||     4
Armor: Robe              ||     5
Dodge: Dodged            ||    21
